 Dungeon Crawl Stone Soup version 0.27-a0-1256-gced786f65e (webtiles) character file.

Game seed: 12307901808848002213

1513 bande the Chopper (level 8, -7/44 HPs)
             Began as a Gargoyle Fighter on June 11, 2021.
             Was a Believer of Okawaru.
             Mangled by a two-headed ogre
             ... wielding a +0 giant spiked club
              (17 damage)
             ... on level 6 of the Dungeon.
             The game lasted 00:09:51 (6916 turns).

bande the Chopper (Gargoyle Fighter)                Turns: 6916, Time: 00:09:53

Health: -7/44      AC: 15    Str: 20    XL:     8   Next: 83%
Magic:  11/11      EV:  6    Int: 10    God:    Okawaru [**....]
Gold:   160        SH: 11    Dex: 10    Spells: 7/7 levels left

rFire    . . .     SeeInvis .   a - +1 war axe
rCold    + . .     Faith    .   c - +1 kite shield
rNeg     + + .     Spirit   .   h - +0 chain mail
rPois    ∞         Reflect  .   (no helmet)
rElec    +         Harm     .   (no cloak)
rCorr    .         Rampage  .   (no gloves)
Will     .....                  (no boots)
Stlth    ..........             (no amulet)
HPRegen  0.14/turn              g - ring of protection from cold
MPRegen  0.12/turn              m - ring of positive energy

@: no status effects
A: sickness immunity, AC +5, negative energy resistance 1, electricity
resistance, torment resistance 1, petrification resistance, talons 1, frail 1,
high mp 1
a: Renounce Religion, Heroism


You were on level 6 of the Dungeon.
You worshipped Okawaru.
Okawaru was pleased with you.
You visited 2 branches of the dungeon, and saw 7 of its levels.

You collected 160 gold pieces.

Inventory:

Hand Weapons
 a - a +1 war axe (weapon)
 n - a +0 flail
Armour
 c - a +1 kite shield (worn)
 h - a +0 chain mail (worn)
Jewellery
 g - a ring of protection from cold (left hand)
 m - a ring of positive energy (right hand)
Scrolls
 b - 2 scrolls of identify
 f - 3 scrolls of teleportation
 l - 2 scrolls of enchant weapon
 q - a scroll of vulnerability {unknown}
Potions
 d - a potion of might
 e - 2 potions of haste
 i - a potion of flight
 j - a potion of heal wounds
 k - a potion of resistance
 o - 2 potions of curing
 p - a potion of cancellation


   Skills:
 + Level 5.3 Fighting
 + Level 6.4 Axes
 + Level 5.4 Armour
 + Level 1.3 Dodging
 + Level 5.9 Shields
 * Level 3.6 Invocations


You had 7 spell levels left.
You didn't know any spells.
Your spell library contained the following spells:

 Spells                   Type           Power      Damage    Failure   Level
 Magic Dart               Conj           0%         1d3       100%        1
 Blink                    Tloc           N/A        N/A       100%        2
 Call Imp                 Summ           0%         N/A       100%        2
 Slow                     Hex            0%         N/A       100%        2
 Conjure Flame            Conj/Fire      0%         6-21      100%        3
 Mephitic Cloud           Conj/Pois/Air  0%         N/A       100%        3


Dungeon Overview and Level Annotations

Branches:
Dungeon (6/15)             Temple (1/1) D:4

Altars:
Ashenzari
Elyvilon
Fedhas
Kikubaaqudgha
Nemelex Xobeh
Okawaru
Ru
Sif Muna
Trog
Vehumet
Wu Jian
Xom
The Shining One

Shops:
D:3 :


Innate Abilities, Weirdness & Mutations

You are immune to sickness and miasma.
Your stone body is resilient. (AC +5)
You are immune to poison.
You resist negative energy. (rN+)
You are resistant to electric shocks. (rElec)
You are resistant to unholy torment.
You are immune to petrification.
You have sharp toenails.
You are frail. (-10% HP)
You have an increased reservoir of magic. (+10% MP)


Message History

No target in view!
No target in view!
No target in view!
No target in view!
No target in view!
HP restored.
Things that are here:
a +0 shortbow; 21 arrows; a +0 barding You now have 160 gold pieces (gained 3).
Found a scroll of immolation.
You see here a scroll of immolation.
q - a scroll labelled OSCHAU SALIM
Found a stone staircase leading up.
There is a stone staircase leading up here.
Found a stone staircase leading down.
There is a stone staircase leading down here.
There is a stone staircase leading down here.
Found a leather armour.
Found a robe.
A two-headed ogre comes into view.
It is wielding a +0 giant spiked club and a +0 giant club.
The two-headed ogre shouts in stereo!
You hit the two-headed ogre. You claw the two-headed ogre.
The two-headed ogre is lightly wounded.
The two-headed ogre hits you but does no damage.
The two-headed ogre completely misses you.
You slash the two-headed ogre! You claw the two-headed ogre.
The two-headed ogre is heavily wounded.
The two-headed ogre hits you but does no damage. x2
You hit the two-headed ogre.
The two-headed ogre is heavily wounded.
The two-headed ogre hits you with a +0 giant spiked club!
The two-headed ogre hits you with a +0 giant club.
You slash the two-headed ogre!
You claw the two-headed ogre, but do no damage.
The two-headed ogre is severely wounded.
The two-headed ogre hits you with a +0 giant spiked club!!
Ouch! That really hurt!
* * * LOW HITPOINT WARNING * * *
The two-headed ogre hits you with a +0 giant club!
You die...

...###..## ..#
...........##>.# #..#
............##.####..#
.............#..##...#
........[....##.....##
.............#..#....###
..../..[.......##......#
#...........#.###.......
#....O@.....## ##......
#...........# ##.....
##...!.....## ###.<.
##..$....## ###.
##.....## #. ##....# #.
##..## ## #.## # .# #


You could see a two-headed ogre.

Vanquished Creatures
  Sigmund (D:4)
  Eustachio (D:5)
  A sky beast (D:5)
  A black bear (D:5)
  2 ogres (D:5)
  2 centaurs
  2 scorpions (D:4)
  2 water moccasin zombies (D:5)
  A water moccasin skeleton (D:3)
  A howler monkey (D:3)
  A bullfrog zombie (D:5)
  A centaur zombie (D:5)
  A hound (D:5)
  2 jellies (D:5)
  2 iguanas
  6 adders
  2 adder skeletons (D:4)
  4 worms
  18 orcs
  9 ball pythons
  3 bats (D:1)
  8 endoplasms
  3 giant cockroaches
  8 goblins
  8 hobgoblins
  6 jackals
  A quokka (D:1)
  8 frilled lizards
  5 kobolds
  A quokka skeleton (D:4)
  9 rats
120 creatures vanquished.

Vanquished Creatures (others)
  A plant (D:5)
1 creature vanquished.

Grand Total: 121 creatures vanquished

Notes
Turn   | Place    | Note
-------+----------+-------------------------------------------
     0 | D:1      | bande the Gargoyle Fighter began the quest for the Orb.
     0 | D:1      | Reached XP level 1. HP: 14/14 MP: 1/1
   509 | D:1      | Reached XP level 2. HP: 19/19 MP: 2/2
   537 | D:1      | Reached skill level 2 in Axes
   676 | D:1      | Reached XP level 3. HP: 21/23 MP: 3/3
  1199 | D:2      | Found a faded altar of an unknown god.
  1211 | D:2      | Found an ancient bone altar of Kikubaaqudgha.
  1588 | D:2      | Reached XP level 4. HP: 29/29 MP: 4/4
  2131 | D:3      | Reached skill level 3 in Axes
  2131 | D:3      | Reached XP level 5. HP: 15/33 MP: 5/5
  2223 | D:3      | Found Jyitank's Book Emporium.
  3108 | D:3      | Reached XP level 6. HP: 38/38 MP: 6/6
  3271 | D:4      | Found a broken altar of Ashenzari.
  3346 | D:4      | Found a staircase to the Ecumenical Temple.
  3353 | Temple   | Entered the Ecumenical Temple
  3382 | Temple   | Became a worshipper of Warmaster Okawaru
  3552 | D:4      | Noticed Sigmund
  3572 | D:4      | Killed Sigmund
  3573 | D:4      | Reached skill level 4 in Axes
  3644 | D:4      | Reached XP level 7. HP: 25/44 MP: 7/7
  3977 | D:4      | Found a shimmering altar of Xom.
  4043 | D:4      | Reached skill level 5 in Shields
  4081 | D:4      | Reached * piety under Okawaru
  4227 | D:4      | Identified the +1 ring mail of Unambiguity {Harm rC+ Int+4}
  4318 | D:4      | Reached skill level 1 in Invocations
  4449 | D:4      | Found a sacrificial altar of Ru.
  4501 | D:5      | Entered Level 5 of the Dungeon
  4515 | D:5      | Reached skill level 5 in Axes
  4709 | D:5      | Found a shimmering blue altar of Sif Muna.
  4826 | D:5      | Noticed Eustachio
  4873 | D:5      | Found a blossoming altar of Fedhas.
  4879 | D:5      | Killed Eustachio
  4880 | D:5      | Reached skill level 5 in Armour
  4880 | D:5      | Reached skill level 1 in Dodging
  4880 | D:5      | Reached XP level 8. HP: 16/48 MP: 9/9
  5255 | D:5      | Reached skill level 5 in Fighting
  5427 | D:5      | Reached ** piety under Okawaru
  5818 | D:5      | Gained mutation: You are frail. (-10% HP) [potion of
                  | mutation]
  5818 | D:5      | Gained mutation: You have an increased reservoir of magic.
                  | (+10% MP) [potion of mutation]
  5818 | D:5      | Gained mutation: You have sharp toenails. [potion of
                  | mutation]
  5903 | D:5      | Reached skill level 6 in Axes
  6909 | D:6      | Noticed a two-headed ogre
  6916 | D:6      | Mangled by a two-headed ogre

Illustrated notes

Levels and vault maps discovered:
D:1:      nicolae_arrival_memento_mori, layout_basic, minmay_misc_feat_five
D:2:      layout_basic, basic_altar, ebering_ecumenical_altar_rust
D:3:      layout_loops_ring, serial_shops, shop
D:4:      layout_cave_pods, lemuel_coloured_pillars_altar, lemuel_round_altar,
          nicolae_ashenzari_skybound, temple_green, uniq_sigmund
D:5:      layout_loops_corners, fedhas_altar_1, old_standard_altar,
          uniq_eustachio
D:6:      layout_cave_pods, uniq_maggie
Temple:   compressed_dpeg_circular_temple

Skill      XL: |  1  2  3  4  5  6  7  8 |
---------------+-------------------------+-----
Axes           | 2 3 4 5 6 |  6.4
Armour         | 4 5 |  5.4
Shields        | 4 5 |  5.9
Fighting       | 4 5 |  5.3
Invocations    | 2 3 |  3.6
Dodging        | 1 |  1.3

Action                   |  1- 3 |  4- 6 |  7- 9 || total
-------------------------+-------+-------+-------++-------
Melee: War axe           |   120 |   166 |   168 ||   454
       Kick              |       |       |    11 ||    11
  Use: Scroll            |     4 |     2 |     3 ||     9
       Potion            |       |     5 |     1 ||     6
Armor: Scale mail        |    63 |       |       ||    63
       Chain mail        |    12 |    89 |   128 ||   229
Dodge: Dodged            |    49 |    36 |    49 ||   134
Block: Kite shield       |    59 |    99 |   110 ||   268

Table legend: (Time is in decaauts)
 A = Elapsed time spent in this place.
 B = Non-inter-level travel time spent in this place.
 C = Inter-level travel time spent in this place.
 D = Time resting spent in this place.
 E = Time spent auto-exploring this place.
 F = Levels seen in this place.
 G = Mean time per level.
                   A        B        C        D        E       F      G
               +--------+--------+--------+--------+--------+-----+--------+
         Total |   7153 |   7106 |     47 |   1757 |   4030 |   7 | 1021.9 |
       Dungeon |   7094 |   7047 |     47 |   1757 |   4030 |   6 | 1182.3 |
        Temple |     58 |     58 |      0 |      0 |      0 |   1 |   58.0 |
               +--------+--------+--------+--------+--------+-----+--------+

Top non-repeatable levels by time:
     D:5: 2254 daAuts
     D:4: 1305 daAuts
     D:3: 1225 daAuts
     D:1: 1207 daAuts
     D:2: 885 daAuts
     D:6: 216 daAuts
  Temple: 58 daAuts
